 Dungeon Crawl Stone Soup version 0.29.1-15-g9cfb28693d (webtiles) character file.

Game seed: 13135493931773935904

17145 Gumption the Severer (level 12, 0/168 HPs)
             Began as a Minotaur Berserker on Mar 20, 2023.
             Was a High Priest of Trog.
             Slain by a vampire (13 damage)
             ... on level 11 of the Dungeon.
             The game lasted 01:18:05 (14076 turns).

Gumption the Severer (Minotaur Berserker)          Turns: 14076, Time: 01:18:05

Health: 0/168      AC: 22    Str: 25    XL:     12   Next: 16%
Magic:  10/11      EV:  9    Int:  6    God:    Trog [*****.]
Gold:   575        SH:  5    Dex: 10    Spells: 11/11 levels left

rFire   + . .      SeeInvis .   a - +0 war axe
rCold   . . .      Faith    .   N - +0 buckler
rNeg    . . .      Spirit   .   u - +3 chain mail {Will+}
rPois   .          Reflect  .   (helmet restricted)
rElec   .          Harm     .   g - +0 cloak
rCorr   .          Rampage  .   (no gloves)
Will    +....                   e - +0 pair of boots
Stlth   ..........              (no amulet)
HPRegen 0.38/turn               F - ring of protection from fire
MPRegen 0.12/turn               M - +4 ring of protection

@: berserking, lethally poisoned (0 -> -3), hasted, very quick
A: horns 2, retaliatory headbutt
a: Renounce Religion, Berserk, Trog's Hand, Brothers in Arms


You were on level 11 of the Dungeon.
You worshipped Trog.
Trog was extremely pleased with you.
You visited 1 branch of the dungeon, and saw 12 of its levels.
You also visited: Ossuary.

You collected 717 gold pieces.
You spent 142 gold pieces at shops.

Inventory:

Hand Weapons
 a - a +0 war axe (weapon)
 b - a +3 hammer of venom
 d - a +2 whip of freezing
 E - the +8 battleaxe of the Tent {vorpal, rPois Dex+4}
   (Trog gifted it to you on level 11 of the Dungeon)

   It inflicts extra damage upon your enemies.
   Dex:       It affects your dexterity (+4).
   rPois:     It protects you from poison.
Armour
 e - a +0 pair of boots (worn)
 g - a +0 cloak (worn)
 u - a +3 chain mail of willpower (worn)
 A - an orb of light
 N - a +0 buckler (worn)
Jewellery
 y - a ring of flight
 C - a +6 ring of dexterity
 D - a ring of positive energy
 F - a ring of protection from fire (left hand)
 M - a +4 ring of protection (right hand)
Wands
 n - a wand of iceblast (30)
 o - a wand of light (10)
 x - a wand of digging (10)
 J - a wand of polymorph (6)
 L - a wand of paralysis (9)
 P - a wand of flame (8)
Scrolls
 f - 4 scrolls of immolation
 i - 2 scrolls of fear
 j - 2 scrolls of brand weapon
 k - 4 scrolls of fog
 l - 7 scrolls of teleportation
 m - a scroll of enchant armour {unknown}
 p - a scroll of silence {unknown}
 r - a scroll of identify
 s - 2 scrolls of amnesia {unknown}
 t - 2 scrolls of poison {unknown}
 w - a scroll of vulnerability {unknown}
 O - 2 scrolls of enchant weapon {unknown}
Potions
 c - a potion of ambrosia
 h - 3 potions of mutation
 q - 3 potions of heal wounds
 v - a potion of resistance
 z - 3 potions of curing
 B - 2 potions of cancellation
 G - 3 potions of might
 H - 3 potions of flight
 I - a potion of berserk rage {unknown}
 K - 2 potions of attraction {unknown}


   Skills:
 + Level 12.2 Fighting
 + Level 15.9 Axes
 + Level 12.0 Armour
 - Level 2.1 Dodging
 * Level 7.3 Shields


You had 11 spell levels left.
You didn't know any spells.
Your spell library was empty.

Dungeon Overview and Level Annotations

Branches:
Dungeon (12/15)            Temple (0/1) D:4            Lair (0/5) D:8
    Orc (0/2) D:10        Ossuary (visited)

Altars:
Cheibriados
Gozag
Makhleb
Okawaru
Ru
Trog
Uskayaw
Wu Jian
Xom

Shops:
D:4 *!   D:5 =   D:6 *

Annotations:
D:9 2 transporters, laros's ghost, novice MiBe


Innate Abilities, Weirdness & Mutations

You have a pair of horns on your head.
You reflexively headbutt those who attack you in melee.


Message History

An arc of chaos appears from out of thin air!
The arc of chaos hits the boulder beetle.
The boulder beetle is drained!
You feel much better.
You feel sick. The boulder beetle closely misses you.
You block the vampire's attack. The vampire bites you!
* * * LOW HITPOINT WARNING * * *
The vampire draws strength from your injuries!
Something hits you but does no damage.
You are more poisoned.
Deactivating autopickup; reactivate with Ctrl-A.
You completely miss the vampire. You hit the boulder beetle.
You miss something.
Your skin stops crawling.
You feel less strong-willed.
You feel sick.
The boulder beetle leaps!
You block the vampire's attack.
The vampire bites you but does no damage.
Something hits you.
* * * LOW HITPOINT WARNING * * *
You feel yourself speed up.
Unknown command.
A red film seems to cover your vision as you go berserk!
You feel yourself moving faster!
You feel mighty!
You feel sick. Something hits you.
* * * LOW HITPOINT WARNING * * *
The vampire gestures wildly while chanting.
The vampire flickers and vanishes!
You slice something!!
You feel the power of Trog in you as your rage grows.
Trog accepts your kill.
Trog appreciates your killing of a magic user.
Reactivating autopickup.
You feel a bit more experienced.
You barely miss something.
You feel sick.
Deactivating autopickup; reactivate with Ctrl-A.
You slash something! You headbutt something!
Something hits you but does no damage. Something bites you!
* * * LOW HITPOINT WARNING * * *
Something draws strength from your injuries!
You slash something!
You feel sick.
You miss something.
You feel sick. Something hits you but does no damage. Something bites you!
You die...

#.##.## ###### #..#### #..
#.##..###### #..# #..
#.###......# ####..# #.. #.#
######.## #.....# ###### #####.#
#..# #.###.# #..##. ......# ##.##
#.# #.# #..#.. ###########
#.B###.# #.# #..#..
..........######°##..# #.# #..#..
..........+....{@)..####'####.'..
..........########### #.....###..
..........# #.....# #..
......##'######## #.....# ##.
[...............# #.....# ##
.......^........#######.....#
.................(..........#
#####............############
####.............#


You could see a boulder beetle (drained).

Vanquished Creatures
  3 two-headed ogres
  An ugly thing (D:7)
  4 cyclopes
  A kobold demonologist (D:9)
  2 unseen horrors
  Psyche (D:11)
  A komodo dragon (D:11)
  The ghost of ripuliukko the Digger, a novice GrEE (D:4)
  5 trolls
  Grinder (D:6)
  2 hornets
  A vampire (D:10)
  18 yaks
  Eustachio (D:6)
  4 wyverns
  2 steam dragons
  4 vampire mosquitoes (D:11)
  2 acid dragons
  6 water moccasins
  An orc warrior (D:7)
  3 sky beasts (D:7)
  6 ice beasts
  A black bear (D:5)
  4 wolves (D:8)
  2 ogres
  4 centaurs
  4 phantoms
  2 kobold brigands
  2 elf zombies (Ossuary)
  5 necrophages
  5 bullfrogs
  2 gnoll sergeants
  2 scorpions
  5 wights (D:7)
  A killer bee (D:7)
  4 electric eels (D:8)
  4 howler monkeys
  A crimson imp (D:7)
  2 human zombies (Ossuary)
  2 centaur zombies (Ossuary)
  2 jellies
  9 hounds
  8 orc priests
  Crazy Yiuf (D:7)
  3 iguanas
  5 orc wizards
  2 mummies (Ossuary)
  14 gnolls
  7 adders
  3 shadow imps
  An ufetubus (D:6)
  A worm (D:2)
  2 dart slugs
  31 orcs
  7 ball pythons
  5 bats
  9 endoplasms
  6 giant cockroaches
  10 goblins
  9 hobgoblins
  10 jackals
  4 quokkas
  9 frilled lizards
  A goblin zombie (Ossuary)
  9 hobgoblin zombies (Ossuary)
  2 jackal zombies (Ossuary)
  9 kobolds
  11 kobold zombies (Ossuary)
  8 orc zombies (Ossuary)
  8 rats
328 creatures vanquished.

Notes
Turn   | Place    | Note
-------+----------+-------------------------------------------
     0 | D:1      | Gumption the Minotaur Berserker began the quest for the
                  | Orb.
     0 | D:1      | Reached XP level 1. HP: 19/19 MP: 0/0
   287 | D:1      | Reached skill level 4 in Axes
   306 | D:1      | Reached XP level 2. HP: 21/27 MP: 1/1
   663 | D:1      | Reached XP level 3. HP: 24/33 MP: 2/2
   897 | D:1      | Found a faded altar of an unknown god.
   902 | D:1      | Reached ** piety under Trog
  1537 | D:2      | Reached XP level 4. HP: 30/40 MP: 3/3
  2038 | D:3      | Reached skill level 5 in Axes
  2314 | D:3      | Reached *** piety under Trog
  2372 | D:3      | Noticed a scorpion
  2388 | D:3      | Killed a scorpion
  2389 | D:3      | Reached XP level 5. HP: 47/47 MP: 4/4
  2534 | D:3      | Found a snail-covered altar of Cheibriados.
  2640 | D:4      | Reached skill level 5 in Fighting
  2640 | D:4      | Reached skill level 6 in Axes
  2747 | D:4      | Found a staircase to the Ecumenical Temple.
  2790 | D:4      | Noticed a phantom
  2808 | D:4      | Killed a phantom
  2809 | D:4      | Reached XP level 6. HP: 49/56 MP: 5/5
  2899 | D:4      | Found a runed translucent gate.
  2899 | D:4      | Found a runed translucent gate.
  2901 | D:4      | Found a runed translucent gate.
  2902 | D:4      | Noticed ripuliukko's ghost (novice GrEE)
  2988 | D:4      | Found Tatraf's CLEARANCE SALE!.
  3001 | D:4      | Bought a +3 chain mail of willpower for 79 gold pieces
  3001 | D:4      | Bought a potion of resistance for 30 gold pieces
  3093 | D:4      | Found Dahunyru's Distillery.
  3096 | D:4      | Bought a potion of curing for 33 gold pieces
  3252 | D:4      | Reached skill level 7 in Axes
  3548 | D:4      | Found a hide-covered altar of Uskayaw.
  3548 | D:4      | Found an opulent altar of Gozag.
  3548 | D:4      | Found a sacrificial altar of Ru.
  3597 | D:4      | Killed ripuliukko's ghost
  3598 | D:4      | Reached skill level 5 in Armour
  3598 | D:4      | Reached XP level 7. HP: 60/63 MP: 6/6
  3877 | D:5      | Entered Level 5 of the Dungeon
  3877 | D:5      | You are sucked into a shaft and drop 2 floors!
  3957 | D:6      | Reached skill level 8 in Axes
  4028 | D:6      | Noticed Grinder
  4049 | D:6      | Killed Grinder
  4050 | D:6      | Reached skill level 9 in Axes
  4050 | D:6      | Reached XP level 8. HP: 50/71 MP: 7/7
  4190 | D:6      | Noticed Eustachio
  4210 | D:6      | Killed Eustachio
  4393 | D:6      | Found Kudadgha's Neck Hole.
  4411 | D:5      | Found Xaoseo Weata's Jewellery Emporium.
  4430 | D:5      | Reached skill level 10 in Axes
  4584 | D:5      | Found a sand-covered staircase.
  4589 | Ossuary  | Entered an ossuary
  4660 | Ossuary  | Reached **** piety under Trog
  4928 | Ossuary  | Reached XP level 9. HP: 77/81 MP: 8/8
  5323 | D:5      | Found an iron altar of Okawaru.
  5617 | D:6      | Reached skill level 11 in Axes
  6035 | D:6      | Identified the +0 chain mail "Jec Dunu" {+Inv Int+2 SInv
                  | Stlth+}
  6566 | D:7      | Reached skill level 12 in Axes
  6575 | D:7      | Reached ***** piety under Trog
  6934 | D:7      | Noticed an unseen horror
  6934 | D:7      | Noticed a cyclops
  6934 | D:7      | Noticed a purple ugly thing
  6941 | D:7      | Killed a purple ugly thing
  6942 | D:7      | Reached XP level 10. HP: 91/91 MP: 9/9
  6950 | D:7      | Killed a cyclops
  6951 | D:7      | Reached skill level 13 in Axes
  7116 | D:7      | Reached skill level 10 in Fighting
  7474 | D:7      | Found a runed translucent door.
  7477 | D:7      | Noticed Crazy Yiuf
  7487 | D:7      | Killed Crazy Yiuf
  7628 | D:7      | Noticed a cyclops
  7636 | D:7      | Killed a cyclops
  7637 | D:7      | Reached skill level 10 in Armour
  7797 | D:7      | Reached skill level 14 in Axes
  8092 | D:7      | Found a shimmering altar of Xom.
  8092 | D:7      | Found a burning altar of Makhleb.
  8753 | D:8      | Reached XP level 11. HP: 101/101 MP: 10/10
  9294 | D:8      | Found a staircase to the Lair.
 10482 | D:9      | Reached skill level 15 in Axes
 10592 | D:9      | Found a transporter.
 10592 | D:9      | Noticed laros's ghost (novice MiBe)
 10592 | D:9      | Noticed a death drake
 10597 | D:9      | Found a transporter.
 10646 | D:9      | Noticed a wolf spider
 10646 | D:9      | a death drake changed into a wolf spider
 10657 | D:9      | Noticed a radroach
 10657 | D:9      | a wolf spider changed into a radroach
 10660 | D:9      | Noticed a boulder beetle
 10660 | D:9      | a radroach changed into a boulder beetle
 11033 | D:9      | Noticed a shining eye
 11033 | D:9      | a slime creature changed into a shining eye
 11036 | D:9      | Noticed an orb spider
 11036 | D:9      | a shining eye changed into an orb spider
 11079 | D:10     | Entered Level 10 of the Dungeon
 11230 | D:10     | Reached skill level 1 in Shields
 11973 | D:10     | Noticed a two-headed ogre
 11979 | D:10     | Killed a two-headed ogre
 11989 | D:10     | Found a bloodstained altar of Trog.
 12168 | D:10     | Found a staircase to the Orcish Mines.
 12572 | D:11     | Found an ornate altar of the Wu Jian Council.
 12744 | D:11     | Noticed a two-headed ogre
 12750 | D:11     | Killed a two-headed ogre
 12751 | D:11     | Reached skill level 5 in Shields
 12778 | D:11     | Noticed a two-headed ogre
 12804 | D:11     | Identified the +8 battleaxe of the Tent {vorpal, rPois
                  | Dex+4} (Trog gifted it to you on level 11 of the Dungeon)
 12804 | D:11     | Received a gift from Trog
 12806 | D:11     | Killed a two-headed ogre
 13141 | D:11     | Reached XP level 12. HP: 39/112 MP: 11/11
 14044 | D:12     | Noticed Psyche
 14056 | D:12     | Noticed a boulder beetle
 14061 | D:12     | Noticed a two-headed ogre
 14073 | D:11     | Killed Psyche
 14076 | D:11     | Slain by a vampire

Illustrated notes

Levels and vault maps discovered:
D:1:      dpeg_arrival_lava_altar, layout_basic, ebering_ecumenical_altar_box,
          minmay_pentomino_o4
D:2:      layout_loops_ring
D:3:      layout_rooms, lemuel_round_altar
D:4:      layout_loops_cross, gammafunk_temple_overflow_claw, temple_doors_e,
          ebering_ghost_rock_garden, serial_shops, nicolae_shop_behind_doors,
          nicolae_shop_clearance
D:5:      layout_loops_ring, okawaru_altar_gauntlet_db, serial_shops,
          nicolae_square_shop, lightli_ossuary_entry_decrepit_ruins
D:6:      layout_rooms, dk_noncrumbling_3, minmay_misc_feat_roman,
          nicolae_shop_sticking_my_neck_out, uniq_eustachio, uniq_grinder
D:7:      nzn_winding_woodlands_medium [nzn_winding_woodlands_hourglass,
          nzn_winding_woodlands_5x15_sidewinder,
          nzn_winding_woodlands_5x5_closed_star,
          nzn_winding_woodlands_5x5_cross, nzn_winding_woodlands_center_lodge,
          nzn_winding_woodlands_5x5_open_star, nzn_winding_woodlands_5x5_three,
          nzn_winding_woodlands_5x15_river_crossing,
          nzn_winding_woodlands_5x5_default], layout_basic,
          grunt_temple_overflow_champion_of_chaos, hangedman_minor_gate_pass,
          uniq_crazy_yiuf_cottage
D:8:      layout_basic, erik_lair_island
D:9:      layout_big_octagon, gammafunk_ghost_arena
D:10:     layout_loops_cross, mainiacjoe_overflow_alcove_1, orc_0_dummy,
          hangedman_decor_growths
D:11:     layout_basic, kennysheep_another_room, nicolae_wu_jian_wuxing_cycle
D:12:     layout_cave_pools, uniq_psyche

Skill      XL: |  1  2  3  4  5  6  7  8  9 10 11 12 |
---------------+-------------------------------------+-----
Axes           | 4 5 6 7 9 10 12 14 15 | 15.9
Fighting       | 4 5 6 7 9 10 12 | 12.2
Armour         | 3 4 5 6 7 9 10 11 12 | 12.0
Shields        | 6 7 |  7.3
Dodging        | |  2.1

Action                   |  1- 3 |  4- 6 |  7- 9 | 10-12 || total
-------------------------+-------+-------+-------+-------++-------
Melee: Hand axe          |   117 |   123 |   264 |       ||   504
       Headbutt          |    14 |    21 |    91 |   128 ||   254
       Punch             |     2 |     1 |       |       ||     3
       War axe           |       |       |    30 |   420 ||   450
Invok: Berserk           |       |     2 |     2 |     3 ||     7
       Trog's Hand       |       |       |     1 |     2 ||     3
  Use: Scroll            |       |     3 |     9 |     2 ||    14
       Potion            |       |       |       |     1 ||     1
Armor: Animal skin       |     6 |       |       |       ||     6
       Ring mail         |    40 |    25 |       |       ||    65
       Chain mail        |       |    17 |   127 |   255 ||   399
Dodge: Dodged            |    65 |    51 |   109 |   160 ||   385
Block: Buckler           |       |       |       |    37 ||    37
